 Dungeon Crawl Stone Soup version 0.16.0-18-g484a79e (webtiles) character file.

5191 talyn the Fighter (level 10, -1/120 HPs)
             Began as an Ogre Hunter on Mar 23, 2015.
             Shot with a bolt of penetration by a big kobold (9 damage)
             ... on level 8 of the Dungeon.
             The game lasted 00:26:53 (10818 turns).

talyn the Fighter (Ogre Hunter)                    Turns: 10818, Time: 00:26:53

Health: -1/120     AC:  4    Str: 19    XL:     10   Next: 60%
Magic:  10/10      EV:  9    Int: 10    God:
Gold:   157        SH:  0    Dex: 13    Spells: 0 memorised, 9 levels left

rFire  . . .     SeeInvis .     a - +3 giant club (crush)
rCold  + . .     Clarity  .     d - +0 animal skin
rNeg   . . .     SustAb   .     (shield restricted)
rPois  +         Gourm    .     (helmet restricted)
rElec  .         Spirit   .     l - +0 cloak
rCorr  .         Warding  .     (gloves unavailable)
rMut   .         Stasis   .     (boots unavailable)
MR     +....                    (no amulet)
Stlth  +.........               v - ring of protection from cold
                                m - ring of poison resistance

@: heavily drained, somewhat resistant to hostile enchantments, very unstealthy
A: unfitting armour, tough skin 1
a: no special abilities


You were on level 8 of the Dungeon.
You were not hungry.

You visited 2 branches of the dungeon, and saw 9 of its levels.

You collected 235 gold pieces.
You spent 78 gold pieces at shops.

Inventory:

Hand weapons
 a - a +3 giant club of crushing (weapon)
Missiles
 c - 3 throwing nets
 p - 3 large rocks (quivered)
Armour
 d - a +0 animal skin (worn)
 l - a +0 cloak (worn)
Jewellery
 m - a ring of poison resistance (left hand)
 v - a ring of protection from cold (right hand)
Magical devices
 s - a wand of slowing (28)
 w - a wand of lightning (12)
Scrolls
 r - 2 scrolls of remove curse
 u - a scroll of teleportation
 x - 2 scrolls of identify
 y - a scroll of recharging
 A - a scroll of fear
Potions
 b - a potion of mutation {unknown}
 h - 3 potions of restore abilities
 i - a potion of haste {unknown}
 j - 2 potions of brilliance
 k - a potion of poison {unknown}
 n - 3 potions of curing {unknown}
 o - 2 potions of ambrosia {unknown}
Books
 t - a book of Clouds

   Spells                             Type                      Level
   a - Mephitic Cloud                 Conjuration/Poison/Air       3
   b - Conjure Flame                  Conjuration/Fire             3
   c - Poisonous Cloud                Conjuration/Poison/Air       6
   d - Freezing Cloud                 Conjuration/Ice/Air          6
   e - Ring of Flames                 Charms/Fire                  7
Comestibles
 f - 2 meat rations
 q - 11 fruits
 z - 4 bread rations


   Skills:
 + Level 13.7(11.7) Fighting
 + Level 13.6(11.7) Maces & Flails
 - Level 4.3(2.8) Throwing
 - Level 1.7(0.3) Dodging
 - Level 0.7(0.0) Stealth


You had 9 spell levels left.
You didn't know any spells.

Dungeon Overview and Level Annotations

Branches:
Dungeon (8/15)             Temple (1/1) D:5
   Lair: D:8-11

Altars:
Ashenzari
Cheibriados
Dithmenos
Elyvilon
Fedhas
Gozag
Makhleb
Nemelex Xobeh
Qazlal
Ru
Sif Muna
Trog
Vehumet
Xom
Yredelemnul
Zin
The Shining One

Shops:
D:8 (

Annotations:
D:8 1 runed door


Innate Abilities, Weirdness & Mutations

You are too large for most types of armour.
You have tough skin (AC +1).


Message History

The big kobold hits you but does no damage.
You feel drained.
You sock the big kobold!
You kill the big kobold!
The big kobold shoots a bolt of penetration.
The bolt of penetration barely misses you.
You sock the big kobold!
The big kobold is severely wounded.
The big kobold hits you with a short sword.
* * * LOW HITPOINT WARNING * * *
You sock the big kobold!
You kill the big kobold!
The big kobold shoots a bolt of penetration.
The bolt of penetration pierces through you!
* * * LOW HITPOINT WARNING * * *
The big kobold throws a stone.
The stone hits you.
* * * LOW HITPOINT WARNING * * *
The big kobold shoots a bolt of penetration.
The bolt of penetration pierces through you!
You die...

...#........##...#
. ##..........###
###.......###
##........##
....(....##
....####.## ##(##
#..##### #@#....#
#(###### #)#
#.....KKK#
.....K### ......
#####


You could see 2 big kobolds.

Vanquished Creatures
  The ghost of Salasann the Carver, an experienced TeGl of Ashenzari (D:6)
  A spriggan (D:7)
  5 wraiths (D:8)
  Grum (D:8)
  2 wolves (D:8)
  A water moccasin (D:7)
  3 sky beasts
  An orc warrior (D:8)
  A necrophage (D:8)
  2 ogres
  14 big kobolds (D:8)
  2 centaurs (D:5)
  4 giant frogs
  2 scorpions
  4 wights (D:8)
  A goliath beetle (D:7)
  2 crimson imps
  A giant frog zombie (D:5)
  4 hounds
  A jelly (D:5)
  A centaur skeleton (D:5)
  An iguana (D:7)
  4 orc priests
  A gnoll shaman (D:6)
  5 orc wizards
  4 worker ants
  12 gnolls
  A worker ant zombie (D:7)
  15 adders
  A giant mite (D:2)
  A worm (D:2)
  An adder skeleton (D:4)
  An adder zombie (D:5)
  5 giant geckos
  An ooze (D:3)
  31 orcs
  2 ball pythons
  20 bats
  A bat skeleton (D:4)
  19 goblins
  14 hobgoblins
  21 jackals
  7 giant cockroaches
  3 giant newts
  A jackal zombie (D:7)
  13 kobolds
  A quokka (D:5)
  28 rats
268 creatures vanquished.

Notes
Turn   | Place    | Note
--------------------------------------------------------------
     0 | D:1      | talyn, the Ogre Hunter, began the quest for the Orb.
     0 | D:1      | Reached XP level 1. HP: 22/22 MP: 1/1
    30 | D:1      | Reached XP level 2. HP: 20/31 MP: 2/2
   400 | D:1      | Reached skill level 1 in Maces & Flails
   556 | D:1      | Reached XP level 3. HP: 39/39 MP: 3/3
   750 | D:2      | Found a shadowy altar of Dithmenos.
  2291 | D:3      | Reached XP level 4. HP: 49/49 MP: 4/4
  2808 | D:3      | Reached XP level 5. HP: 47/55 MP: 5/5
  2846 | D:3      | Reached skill level 5 in Fighting
  3226 | D:3      | Reached skill level 5 in Maces & Flails
  3376 | D:3      | Reached XP level 6. HP: 47/66 MP: 6/6
  3935 | D:4      | Reached skill level 6 in Fighting
  4011 | D:4      | Found a sparkling altar of Nemelex Xobeh.
  4254 | D:4      | Reached XP level 7. HP: 73/76 MP: 7/7
  4589 | D:5      | Entered Level 5 of the Dungeon
  4698 | D:5      | Reached skill level 7 in Fighting
  4720 | D:5      | Found a staircase to the Ecumenical Temple.
  4742 | Temple   | Entered the Ecumenical Temple
  5352 | D:5      | Found a white marble altar of Elyvilon.
  5424 | D:5      | Found a burning altar of Makhleb.
  5435 | D:5      | Reached skill level 8 in Fighting
  5614 | D:5      | Reached XP level 8. HP: 85/88 MP: 8/8
  6228 | D:5      | Found a bloodstained altar of Trog.
  6702 | D:6      | Reached skill level 9 in Fighting
  7159 | D:6      | Noticed Salasann's ghost (experienced TeGl)
  7164 | D:6      | Killed Salasann's ghost
  7164 | D:6      | Reached skill level 10 in Fighting
  7164 | D:6      | Reached skill level 10 in Maces & Flails
  7164 | D:6      | Reached XP level 9. HP: 60/102 MP: 9/9
  8269 | D:7      | Reached skill level 11 in Fighting
  8290 | D:7      | Found an opulent altar of Gozag.
  8290 | D:7      | Found a glowing silver altar of Zin.
  9343 | D:8      | Noticed Grum
  9350 | D:8      | Killed Grum
  9350 | D:8      | Reached skill level 12 in Fighting
  9716 | D:8      | Found Xagigoa's Weapon Emporium.
  9719 | D:8      | Bought 2 throwing nets for 78 gold pieces
  9786 | D:8      | Found a runed door.
  9789 | D:8      | Found a shimmering altar of Xom.
  9798 | D:8      | Found a stormy altar of Qazlal.
  9807 | D:8      | Found a burning altar of Makhleb.
  9847 | D:8      | Reached XP level 10. HP: 117/117 MP: 10/10
  9991 | D:8      | Found a basalt altar of Yredelemnul.
 10010 | D:8      | Found a bloodstained altar of Trog.
 10057 | D:8      | Found a glowing silver altar of Zin.
 10265 | D:8      | Reached skill level 13 in Fighting
 10818 | D:8      | Shot with a bolt of penetration by a big kobold

Action                   |  1- 3 |  4- 6 |  7- 9 | 10-12 || total
-------------------------+-------+-------+-------+-------++-------
Melee: Short sword       |    29 |       |       |       ||    29
       Club              |    85 |    63 |       |       ||   148
       Whip              |       |   197 |   179 |       ||   376
       Giant club        |       |       |   215 |   119 ||   334
Throw: Large rock        |    32 |    20 |     7 |       ||    59
       Throwing net      |       |     3 |     2 |       ||     5
Evoke: Wand              |       |       |     1 |       ||     1
  Use: Scroll            |     4 |     3 |     9 |       ||    16
       Potion            |       |       |       |     2 ||     2
 Stab: Sleeping          |       |     1 |     4 |       ||     5
       Distracted        |       |     1 |       |       ||     1
       Held in net/web   |       |       |     1 |       ||     1
  Eat: Bread ration      |     1 |     1 |       |       ||     2
       Meat ration       |       |     1 |     3 |       ||     4
       Beef jerky        |       |     1 |     1 |       ||     2
       Pizza             |       |       |     1 |       ||     1
